 Dungeon Sprint DCSS version 0.21-a0-274-gc1afaeb (webtiles) character file.

1665 potatolord6000 the Fighter (level 8, -3/82 HPs)
             Began as a Minotaur Monk on Sept 19, 2017.
             Was a High Priest of Okawaru.
             Slain by a sun demon (13 damage)
             ... summoned by an orc sorcerer
             ... led by an orc knight
             ... in the Dungeon (Sprint VII: "The Pits").
             The game lasted 00:03:36 (970 turns).

potatolord6000 the Fighter (Minotaur Monk)           Turns: 970, Time: 00:03:37

Health: -3/82      AC: 19    Str: 18    XL:     8   Next: 69%
Magic:  7/13       EV: 18    Int: 10    God:    Okawaru [*****.]
Gold:   0          SH:  0    Dex: 13    Spells: 7/7 levels left

rFire    . . .     SeeInvis .   u - +2 scimitar (flame)
rCold    . . .     Gourm    .   (no shield)
rNeg     . . .     Faith    .   r - +4 chain mail
rPois    .         Spirit   .   (helmet restricted)
rElec    .         Reflect  .   q - +0 cloak
rCorr    .         Harm     .   (no gloves)
MR       .....     NoTele   +   (no boots)
Stlth    ..........             (no amulet)
HPRegen  0.23/turn              b - +3 ring of evasion
MPRegen  0.13/turn              p - +3 ring of intelligence

@: heroism, finesse
A: retaliatory headbutt, horns 2
a: Heroism, Finesse, Renounce Religion


You were in the Dungeon.
You worshipped Okawaru.
Okawaru was extremely pleased with you.
You were full.

You visited 1 branch

Inventory:

Hand Weapons
 u - a +2 scimitar of flaming (weapon)
Armour
 q - a +0 cloak (worn)
 r - a +4 chain mail (worn)
Jewellery
 b - a +3 ring of evasion (left hand)
 p - a +3 ring of intelligence (right hand)
Scrolls
 i - a scroll of blinking
 k - 3 scrolls of remove curse
 l - 5 scrolls of amnesia
 m - a scroll of summoning
Potions
 a - a potion of invisibility
 d - 5 potions of curing
 e - 4 potions of heal wounds
 g - 4 potions of magic
 h - 3 potions of berserk rage
 j - 2 potions of resistance
 s - a potion of brilliance
 t - a potion of might
Comestibles
 c - 8 bread rations
 n - 40 fruits
 o - 6 meat rations


   Skills:
 + Level 11.0(16.0) Fighting
 + Level 11.0(16.0) Long Blades
 + Level 10.5(15.5) Armour
 + Level 10.2(15.2) Dodging
 - Level 1.5(6.5) Stealth
 + Level 8.6 Invocations


You had 7 spell levels left.
You didn't know any spells.

Dungeon Overview and Level Annotations

Branches:
Dungeon (1/1)

Altars:
Ashenzari
Cheibriados
Dithmenos
Elyvilon
Fedhas
Gozag
Hepliaklqana
Kikubaaqudgha
Makhleb
Nemelex Xobeh
Okawaru
Qazlal
Ru
Sif Muna
Trog
Uskayaw
Vehumet
Wu Jian
Xom
Yredelemnul
Zin
The Shining One
Beogh
Jiyva
Lugonu


Innate Abilities, Weirdness & Mutations

You reflexively headbutt those who attack you in melee.
You have a pair of horns on your head.


Message History

Unknown command.
You feel much better. The sun demon completely misses you.
You riposte.
You hit the sun demon. You headbutt the sun demon.
The sun demon is moderately wounded.
The ice devil hits you. The ice devil freezes you!
* * * LOW HITPOINT WARNING * * *
The deep troll barely misses you. You furiously retaliate!
You headbutt the deep troll. The deep troll claws you.
* * * LOW HITPOINT WARNING * * *
The deep troll claws you!
* * * LOW HITPOINT WARNING * * *
The orc sorcerer mumbles some strange words.
Unknown command.
Unknown command.
Unknown command.
Unknown command.
You feel much better. The sun demon hits you!
* * * LOW HITPOINT WARNING * * *
You are engulfed in flames!
You die...

####'#####''######
#.......##''#####
#.......##......#
#.......##......#
#...<...###....## ##
#.......# ##''## ##..+
#.......###....###....#
#.......##...รท..#3o..#
##########......@To3.+
##########......#4o..#
...#..[[###....###....#
...#...[# ##''## ##..+
...)...)###....## ##
...#..))##......#
...#..))##......#
#################


You could see an orc knight, a deep troll, a sun demon, an ice devil, a smoke
demon, an orc sorcerer and an orc priest.

Vanquished Creatures
  A hellwing (D)
  A tyrant leech (D)
  2 redbacks (D)
  2 wargs (D)
  A soldier ant (D)
  A floating eye (D)
  An eye of draining (D)
  A centaur (D)
  A necrophage (D)
  A gnoll sergeant (D)
  A hound (D)
  A quasit (D)
  A worker ant (D)
  6 gnolls (D)
  An adder (D)
  2 worms (D)
  A leopard gecko (D)
  3 orcs (D)
  2 quokkas (D)
  2 bats (D)
  A giant cockroach zombie (D)
  A leopard gecko skeleton (D)
  A quokka zombie (D)
35 creatures vanquished.

Notes
Turn   | Place    | Note
-------+----------+-------------------------------------------
     0 | D        | potatolord6000 the Minotaur Monk began the quest for the Orb.
     0 | D        | Reached XP level 1. HP: 19/19 MP: 0/0
    46 | D        | Found a bloodstained altar of Trog.
    46 | D        | Found a deep blue altar of Sif Muna.
    46 | D        | Found a viscous altar of Jiyva.
    46 | D        | Found a hazy altar of Hepliaklqana.
    46 | D        | Found an opulent altar of Gozag.
    47 | D        | Found a glowing golden altar of the Shining One.
    47 | D        | Found a glowing silver altar of Zin.
    47 | D        | Found a basalt altar of Yredelemnul.
    47 | D        | Found a shimmering altar of Xom.
    47 | D        | Found an ornate altar of the Wu Jian Council.
    47 | D        | Found a sacrificial altar of Ru.
    47 | D        | Found a stormy altar of Qazlal.
    47 | D        | Found an iron altar of Okawaru.
    47 | D        | Found a sparkling altar of Nemelex Xobeh.
    47 | D        | Found a burning altar of Makhleb.
    47 | D        | Found a blossoming altar of Fedhas.
    47 | D        | Found a white marble altar of Elyvilon.
    47 | D        | Found a shadowy altar of Dithmenos.
    47 | D        | Found a snail-covered altar of Cheibriados.
    49 | D        | Found a radiant altar of Vehumet.
    49 | D        | Found a corrupted altar of Lugonu.
    49 | D        | Found a roughly hewn altar of Beogh.
    51 | D        | Found an ancient bone altar of Kikubaaqudgha.
    51 | D        | Found a hide-covered altar of Uskayaw.
    51 | D        | Found a shattered altar of Ashenzari.
    55 | D        | Became a worshipper of Warmaster Okawaru
    55 | D        | Reached * piety under Okawaru
    55 | D        | Reached ** piety under Okawaru
    71 | D        | Reached skill level 1 in Armour
   100 | D        | Noticed a worker ant
   104 | D        | Killed a worker ant
   104 | D        | Reached XP level 2. HP: 21/28 MP: 0/2
   106 | D        | Reached XP level 3. HP: 26/35 MP: 0/3
   109 | D        | Noticed a floating eye
   115 | D        | Killed a floating eye
   115 | D        | Reached skill level 5 in Armour
   115 | D        | Reached skill level 5 in Dodging
   115 | D        | Reached XP level 4. HP: 35/45 MP: 0/5
   124 | D        | Reached XP level 5. HP: 37/51 MP: 1/7
   226 | D        | Noticed a warg
   236 | D        | Killed a warg
   236 | D        | Reached *** piety under Okawaru
   236 | D        | Reached skill level 5 in Invocations
   238 | D        | Reached XP level 6. HP: 40/61 MP: 8/8
   278 | D        | Noticed a soldier ant
   282 | D        | Killed a soldier ant
   388 | D        | Reached **** piety under Okawaru
   388 | D        | Reached XP level 7. HP: 70/70 MP: 9/11
   400 | D        | Noticed a hellwing
   400 | D        | Noticed a tyrant leech
   407 | D        | Killed a tyrant leech
   414 | D        | Killed a hellwing
   414 | D        | Reached skill level 10 in Fighting
   414 | D        | Reached skill level 10 in Long Blades
   414 | D        | Reached XP level 8. HP: 78/78 MP: 12/12
   557 | D        | Reached ***** piety under Okawaru
   665 | D        | Reached skill level 10 in Armour
   670 | D        | Reached skill level 10 in Dodging
   671 | D        | HP: 2/80 [poisoned by a redback]
   949 | D        | Noticed an orc knight
   949 | D        | Noticed an orc sorcerer
   949 | D        | Noticed a deep troll
   949 | D        | Noticed an ice devil
   957 | D        | Noticed a sun demon
   965 | D        | HP: 4/82 [deep troll (7)]
   970 | D        | Noticed a smoke demon
   970 | D        | Slain by a sun demon

Vault maps used:
D:        pitsprint

Skill      XL: |  1  2  3  4  5  6  7  8 |
---------------+-------------------------+-----
Armour         | 3 5 6 8 9 10 | 10.5
Fighting       | 4 6 7 9 10 11 | 11.0
Long Blades    | 4 6 7 9 10 11 | 11.0
Dodging        | 4 5 7 8 9 10 | 10.2
Invocations    | 2 3 4 5 6 7 8 |  8.6
Stealth        | |  1.5

Action                   |  1- 3 |  4- 6 |  7- 9 || total
-------------------------+-------+-------+-------++-------
Melee: Falchion          |     9 |     5 |       ||    14
       Headbutt          |     3 |    11 |    15 ||    29
       Long sword        |       |    32 |    21 ||    53
       Scimitar          |       |       |    29 ||    29
       Punch             |       |       |     1 ||     1
Invok: Heroism           |       |       |     1 ||     1
       Finesse           |       |       |     1 ||     1
  Use: Potion            |     1 |     2 |     8 ||    11
 Stab: Sleeping          |     1 |       |       ||     1
       Invisible         |       |     2 |       ||     2
  Eat: Meat ration       |       |       |     1 ||     1
Armor: Robe              |     1 |       |       ||     1
       Chain mail        |       |    22 |    27 ||    49
Dodge: Dodged            |     8 |    46 |    39 ||    93
       Rpst.: Falchion   |     3 |     1 |       ||     4
       Long sword        |       |     7 |       ||     7
       Scimitar          |       |       |    10 ||    10

Table legend:
 A = Spawn XP
 B = Non-spawn XP
 C = Spawn XP percentage of total XP
 D = Spawn monster count
 E = Non-spawn monster count
 F = Spawn count percentage of total count
 G = Total turns spent on level
                    A         B        C        D         E        F      G
               +---------+---------+-------+---------+---------+-------+---------
         Total |       0 |    2379 |   0.0 |       0 |      35 |   0.0 |   970
               +---------+---------+-------+---------+---------+-------+---------
             D |       0 |    2379 |   0.0 |       0 |      35 |   0.0 |   970
               +---------+---------+-------+---------+---------+-------+---------
